 Dungeon Crawl Stone Soup version 0.31-a0-881-ge136f0c47a (webtiles) character file.

Game seed: 11106530409974754213

1196 CowFu the Carver (level 8, -1/81 (99) HPs)
             Began as a White Draconian Monk on Oct 15, 2023.
             Was a Follower of Ru.
             Slain by an ufetubus (4 damage)
             ... on level 6 of the Dungeon.
             The game lasted 00:12:36 (4890 turns).

CowFu the Carver (White Draconian Monk)             Turns: 4890, Time: 00:12:37

HP:   -1/81 (99)    AC: 31    Str: 12    XL:     8   Next: 20%
MP:   17/17         EV:  2    Int: 10    God:    Ru [*.....]
Gold: 188           SH: 16    Dex: 20    Spells: 7/7 levels left

rFire   . . .        a - +0 falchion (protect)
rCold   . . .        q - +1 tower shield
rNeg    . . .        (body armour unavailable)
rPois   +            (helmet currently unavailable)
rElec   .            (cloak currently unavailable)
rCorr   .            k - melded +0 pair of gloves
SInv    +            (boots currently unavailable)
Will    .....        d - amulet of regeneration
Stlth   ++           l - ring of magical power
HPRegen 1.13/turn    f - ring of see invisible
MPRegen 0.15/turn

%: no passive effects
@: brilliant, short of breath, tree-form, under a protective aura, attractive,
mesmerised, heavily drained
A: stationary, stasis, torment immunity, boosted hp, (breathe frost), AC +6,
unfitting armour, (cold resistance 1), (cold-blooded), no air magic, no hexes
magic, no translocations magic, no forms, agile 1, devolution 1
a: Renounce Religion


You were on level 6 of the Dungeon.
You worshipped Ru.
Ru was aware of your devotion.
You were a tree.
You visited 1 branch of the dungeon, and saw 6 of its levels.
You also visited: Sewer.

You collected 396 gold pieces.
You spent 208 gold pieces at shops.

Inventory:

Hand Weapons
 a - a +0 falchion of protection (weapon)
Armour
 k - a +0 pair of gloves (melded)
 q - a +1 tower shield (worn)
Jewellery
 d - an amulet of regeneration (around neck)
 f - a ring of see invisible (right branch)
 l - a ring of magical power (left branch)
Wands
 c - a wand of light (16)
Scrolls
 e - 5 scrolls of identify
 g - a scroll of teleportation
 i - 3 scrolls of poison
 n - a scroll of amnesia {unknown}
 r - a scroll of blinking
 v - a scroll of enchant weapon {unknown}
Potions
 o - a potion of cancellation
 t - a potion of magic {unknown}
 u - a potion of attraction


   Skills:
 - Level 4.0 Fighting
 + Level 9.2 Long Blades
 - Level 2.6 Dodging
 - Level 4.0 Shields


You had 7 spell levels left.
You didn't know any spells.
Your spell library contained the following spells:

 Spells                   Type           Power      Damage    Failure   Level
 Freeze                   Ice            0%         1d3       100%        1
 Sandblast                Erth           0%         2d4       100%        1
 Passwall                 Tmut/Erth      0%         N/A       100%        2
 Frozen Ramparts          Ice            0%         1d1       100%        3
 Hailstorm                Conj/Ice       0%         3d3       100%        3
 Stone Arrow              Conj/Erth      0%         3d7       100%        3
 Brom's Barrelling Bould  Conj/Erth      0%         2d3       100%        4
 Starburst                Conj/Fire      0%         6d3       100%        6
 Dazzling Flash           Conj/Hex       Unusable   N/A       N/A         3
 Volatile Blastmotes      Fire/Tloc      Unusable   2d10      N/A         3
 Maxwell's Capacitive Co  Air            Unusable   ∞         N/A         8

Dungeon Overview and Level Annotations

Branches:
Dungeon (6/15)              Sewer (visited)
 Temple: D:4-7

Altars:
Ashenzari
Dithmenos
Kikubaaqudgha
Ru
Trog
Zin

Shops:
D:2 [   D:4 =*   D:6 ([

Annotations:
D:6 Maggie


Innate Abilities, Weirdness & Mutations

You are a tree.
Your roots penetrate the ground, keeping you stationary.
You cannot be teleported.
You are immune to unholy pain and torment.
Your maximum health is greatly increased.
Your equipment is partially melded.
((You can breathe waves of freezing cold which knock back foes.))
((Your icy white scales are hard. (AC +6)))
You cannot fit into any form of body armour.
((Your flesh is cold resistant. (rC+)))
((You are cold-blooded and may be slowed by cold attacks.))
You cannot study or cast Air magic.
You cannot study or cast Hexes magic.
You cannot study or cast Translocations magic.
You cannot voluntarily change form.
You are agile. (Dex +4, Str/Int -1)
You have hidden genetic defects.


Message History

The ice beast hits you but does no damage.
Maggie hits you with a +2 scimitar of draining!
* * * LOW HITPOINT WARNING * * *
You feel drained.
* * * LOW HITPOINT WARNING * * *
You hit Maggie.
Your weapon exudes an aura of protection.
Maggie is severely wounded.
You block the ufetubus's attack. x2
The ice beast hits you but does no damage.
The ufetubus hits you but does no damage. x2
Maggie hits you with a +2 scimitar of draining.
* * * LOW HITPOINT WARNING * * *
You feel drained.
You hit Maggie.
Maggie is severely wounded.
You block the ufetubus's attack.
The ufetubus hits you but does no damage.
The ice beast hits you but does no damage.
Maggie hits you but does no damage.
You feel drained. You block the ufetubus's attack.
The ufetubus hits you but does no damage.
You slash Maggie!
Maggie is almost dead.
You block the ufetubus's attack. x2
The ice beast hits you but does no damage.
You redirect Maggie's attack!
You block Maggie's attack.
The ufetubus hits you but does no damage. x2
You block the ice beast's attack.
You hit Maggie but do no damage.
Maggie is almost dead.
You block the ufetubus's attack. x2; Maggie barely misses you.
The ice beast hits you.
* * * LOW HITPOINT WARNING * * *
The ice beast freezes you!
* * * LOW HITPOINT WARNING * * *
The ufetubus hits you but does no damage.
The ufetubus hits you.
You die...

##.###....... ...
.).......... #.#
.∩......###.# #.# .
∩∩∩...#.....# #?# ..
.∩......##### #.# ..#
#...##?#....## #.# #..#
.............# #.# ##...
.#...........###.#...∩..
####.######....5♣Ys...##
..........#.....@###..##
####.####.##<#######...#
#.......#.#..# ###..
#.##.##.#.##.# #
#.#...#.#.##)#
...._.[....))#
#.#...#.#.##.#
#.##.##.#.##.#


You could see Maggie (mesmerising), an ice beast, a scorpion and an ufetubus.

Vanquished Creatures
  An ice beast (D:5)
  An orc warrior (D:6)
  A phantom (D:5)
  4 bullfrogs
  A scorpion (D:4)
  A howler monkey (D:5)
  The ghost of DocEon the Conjurer, a weakling DECj (D:3)
  2 hounds
  An orc priest (D:6)
  An iguana (D:4)
  4 orc wizards
  2 sleepcaps
  4 gnolls
  7 adders
  2 worms (D:2)
  2 dart slugs (D:4)
  7 orcs
  5 ball pythons
  14 endoplasms
  14 giant cockroaches
  5 goblins
  7 hobgoblins
  11 jackals
  8 quokkas
  5 bats
  7 frilled lizards
  9 kobolds
  3 rats (D:3)
130 creatures vanquished.

Vanquished Creatures (others)
  Blork the orc (D:6)
  An orc wizard (D:6)
  A worm (D:3)
  A dart slug (D:3)
4 creatures vanquished.

Grand Total: 134 creatures vanquished

Notes
Turn   | Place    | Note
-------+----------+-------------------------------------------
     0 | D:1      | CowFu the Draconian Monk began the quest for the Orb.
     0 | D:1      | Reached XP level 1. HP: 19/19 MP: 1/1
   269 | D:1      | Reached XP level 2. HP: 26/26 MP: 2/2
   294 | D:1      | Reached skill level 4 in Long Blades
   390 | D:1      | Reached XP level 3. HP: 29/31 MP: 3/3
  1206 | D:2      | Found Xemnieh's Armour Emporium.
  1214 | D:2      | Bought a +0 tower shield for 58 gold pieces
  1294 | D:2      | Found a faded altar of an unknown god.
  1450 | D:2      | Prayed at the altar of an unknown god.
  1450 | D:2      | Became a worshipper of Ru the Awakened
  1451 | D:2      | Gained mutation: You cannot study or cast Air magic. [Ru
                  | sacrifice]
  1451 | D:2      | Gained mutation: You cannot study or cast Hexes magic. [Ru
                  | sacrifice]
  1451 | D:2      | Gained mutation: You cannot study or cast Translocations
                  | magic. [Ru sacrifice]
  1451 | D:2      | Reached * piety under Ru
  1617 | D:3      | Reached XP level 4. HP: 33/38 MP: 4/4
  1621 | D:3      | Reached skill level 1 in Shields
  1782 | D:3      | Found a glowing drain.
  1786 | Sewer    | Entered a sewer
  1936 | Sewer    | Reached skill level 5 in Long Blades
  2079 | Sewer    | Reached XP level 5. HP: 46/46 MP: 5/5
  2263 | Sewer    | Reached XP level 6. HP: 21/52 MP: 6/6
  2534 | D:3      | Found a runed translucent door.
  2534 | D:3      | Noticed DocEon's ghost (weakling DECj)
  2827 | D:3      | Killed DocEon's ghost
  2873 | D:4      | Reached skill level 6 in Long Blades
  2981 | D:4      | Found a shadowy altar of Dithmenos.
  3029 | D:4      | Your scales start taking on an icy white colour.
  3029 | D:4      | Reached XP level 7. HP: 59/59 MP: 7/7
  3029 | D:4      | Gained mutation: Your flesh is cold resistant. (rC+) [White
                  | Draconian growth]
  3105 | D:4      | Found Hichuebua's Assorted Antiques.
  3127 | D:4      | Bought a scroll labelled VAZXORHOALE for 26 gold pieces
  3127 | D:4      | Bought a potion of curing for 78 gold pieces
  3127 | D:4      | Bought a green potion for 23 gold pieces
  3127 | D:4      | Bought a yellow potion for 23 gold pieces
  3289 | D:4      | Gained mutation: You cannot voluntarily change form. [Ru
                  | sacrifice]
  3361 | D:4      | Found Acvil's Jewellery Shoppe.
  3715 | D:4      | Found an ancient bone altar of Kikubaaqudgha.
  3717 | D:4      | Found a broken altar of Ashenzari.
  3719 | D:4      | Found a glowing silver altar of Zin.
  3770 | D:5      | Entered Level 5 of the Dungeon
  3802 | D:5      | Found a bloodstained altar of Trog.
  3830 | D:5      | Reached skill level 7 in Long Blades
  4350 | D:5      | Reached skill level 8 in Long Blades
  4541 | D:6      | Reached XP level 8. HP: 59/66 MP: 8/8
  4634 | D:6      | Found a sacrificial altar of Ru.
  4666 | D:6      | Reached skill level 9 in Long Blades
  4707 | D:6      | Found Tioq's Antique Weapon Shop.
  4763 | D:6      | Noticed Blork the orc
  4772 | D:6      | Killed Blork the orc
  4855 | D:6      | Found Maen's Antique Armour Shop.
  4856 | D:6      | Noticed Maggie
  4879 | D:6      | HP: 2/60 [Maggie/bolt of fire (13)]
  4885 | D:6      | Gained mutation: You have hidden genetic defects. [potion
                  | of mutation]
  4885 | D:6      | Gained mutation: You are agile. (Dex +4, Str/Int -1)
                  | [potion of mutation]
  4890 | D:6      | HP: 3/81 [ice beast (11)]
  4890 | D:6      | Slain by an ufetubus

Illustrated notes

Levels and vault maps discovered:
D:1:      evilmike_arrival_hilbert_curve, layout_loops_ring
D:2:      layout_loops_cross, serial_shops, shop,
          chequers_ecumenical_altar_island
D:3:      layout_basic, hellmonk_ghost_happy_afterlife, gup_sewer_entry_spiral
D:4:      layout_loops_ring, minitemple, nicolae_dithmenos_the_darkroom,
          serial_shops, nicolae_shop_trees, shop
D:5:      layout_basic, bloody_trog
D:6:      layout_loops_ring, nicolae_ru_sacrificial_ziggurat, serial_shops,
          shop, nicolae_square_shop, nicolae_shop_dealshenge,
          nicolae_shop_tiny_glass, kennysheep_pointless_box, uniq_blork_the_orc,
          uniq_maggie

Skill      XL: |  1  2  3  4  5  6  7  8 |
---------------+-------------------------+-----
Long Blades    | 4 5 6 8 9 |  9.2
Shields        | 1 3 4 |  4.0
Fighting       | 4 |  4.0
Dodging        | |  2.6

Action                     |  1- 3 |  4- 6 |  7- 9 || total
---------------------------+-------+-------+-------++-------
  Melee: Falchion          |    85 |   232 |   250 ||   567
         Tailslap          |     9 |    26 |    33 ||    68
 Invoke: Sacrifice Arcana  |     1 |       |       ||     1
         Sacrifice Forms   |       |       |     1 ||     1
Ability: Breathe Frost     |       |       |     3 ||     3
    Use: Scroll            |       |    10 |     2 ||    12
         Potion            |       |     1 |     8 ||     9
   Stab: Sleeping          |       |     1 |     1 ||     2
         Distracted        |       |     1 |     1 ||     2
 Armour: Skin              |    41 |   182 |   215 ||   438
  Dodge: Dodged            |    35 |    74 |    92 ||   201
  Block: Tower shield      |    15 |   206 |   237 ||   458

Table legend: (Time is in decaauts)
 A = Elapsed time spent in this place.
 B = Non-inter-level travel time spent in this place.
 C = Inter-level travel time spent in this place.
 D = Time resting spent in this place.
 E = Time spent auto-exploring this place.
 F = Levels seen in this place.
 G = Mean time per level.
                   A        B        C        D        E       F      G
               +--------+--------+--------+--------+--------+-----+--------+
         Total |   5240 |   5073 |    167 |      0 |   3508 |   7 |  748.6 |
       Dungeon |   4469 |   4302 |    167 |      0 |   3115 |   6 |  744.8 |
         Sewer |    771 |    771 |      0 |      0 |    392 |   1 |  771.0 |
               +--------+--------+--------+--------+--------+-----+--------+

Top non-repeatable levels by time:
     D:4: 960 daAuts
     D:1: 848 daAuts
     D:3: 773 daAuts
   Sewer: 771 daAuts
     D:2: 708 daAuts
     D:5: 683 daAuts
     D:6: 495 daAuts
